 Dungeon Crawl Stone Soup version bcrawl-1.21.2-28-g2cb1824106 (webtiles) character file.

Game seed: 2555915586683135513

571 BeastOfSaturn the Caller (level 7, -1/40 HPs)
             Began as a Vine Stalker Summoner on Mar 11, 2020.
             Slain by a small abomination (10 damage)
             ... summoned by miscasting Summon Ice Beast
             ... on level 4 of the Dungeon.
             The game lasted 00:17:41 (3899 turns).

BeastOfSaturn the Caller (Vine Stalker Summoner)    Turns: 3899, Time: 00:17:42

Health: -1/40      AC:  4    Str: 13    XL:     7   Next: 34%
Magic:  9/11       EV: 12    Int: 17    God:
Gold:   286        SH:  0    Dex: 15    Spells: 4/10 levels left

rFire    . . .     SeeInvis .   h - +1 short sword
rCold    . . .     Gourm    .   (no shield)
rNeg     . . .     Faith    .   a - +0 robe
rPois    .         Spirit   .   (no helmet)
rElec    .         Reflect  .   t - +0 cloak
rCorr    .         Harm     .   (no gloves)
MR       .....                  (no boots)
Stlth    ++........             q - amulet of regeneration
HPRegen  0.93/turn              d - +1 ring of protection
MPRegen  0.12/turn              w - +3 ring of strength

@: about to teleport, very slightly contaminated
A: fangs 3, regeneration 1, no potion heal 3, rot immunity, strong jaws
a: no special abilities


You were on level 4 of the Dungeon.
You were not hungry.

You visited 1 branch of the dungeon, and saw 4 of its levels.

You collected 496 gold pieces.
You spent 210 gold pieces at shops.

Inventory:

Hand Weapons
 b - a +0 dagger
 h - a +1 short sword (weapon)
 m - a -1 dagger
Armour
 a - a +0 robe (worn)
 o - a +0 medium shield
 t - a +0 cloak (worn)
Jewellery
 d - a +1 ring of protection (left hand)
 k - an uncursed amulet of rage
 q - an amulet of regeneration (around neck)
 w - a +3 ring of strength (right hand)
Scrolls
 i - a scroll of enchant weapon
 j - a scroll of identify
 n - a scroll of immolation {unknown}
 p - 2 scrolls of teleportation
 r - 3 scrolls of remove curse
 s - a scroll of enchant armour {unknown}
 v - a scroll of magic mapping {unknown}
 y - a scroll of fear
Potions
 c - a potion of agility
 f - 2 potions of flight {unknown}
 g - 2 potions of might
 l - a potion of degeneration {unknown}
 u - 3 potions of curing
 x - a potion of mutation
 z - a potion of brilliance {unknown}
Comestibles
 e - 5 rations {!d}


   Skills:
 * Level 2.8 Fighting
 * Level 4.0 Short Blades
 - Level 2.0 Dodging
 - Level 3.0 Stealth
 - Level 2.1 Spellcasting
 * Level 6.3 Summonings
 + Level 0.8 Ice Magic


You had 4 spell levels left.
You knew the following spells:

 Your Spells              Type           Power        Failure   Level  Hunger
b - Call Imp              Summ           ###...       2%          2    ###....
c - Summon Ice Beast      Ice/Summ       ##......     41%         4    #####..

Your spell library contained the following spells:

 Spells                   Type           Power        Failure   Level  Hunger
 Summon Small Mammal      Summ           ###.         1%          1    #......
 Call Canine Familiar     Summ           ###.....     4%          3    ###....
 Summon Lightning Spire   Summ/Air       ##......     82%         5    ######.


Dungeon Overview and Level Annotations

Branches:
Dungeon (4/12)
 Temple: D:4-7

Altars:
Cheibriados
Fedhas
Ru

Shops:
D:4 !


Innate Abilities, Weirdness & Mutations

You have razor-sharp teeth.
Your natural rate of healing is unusually fast.
Potions cannot restore your health.
You are immune to rotting.
Your bites deal extra damage.


Message History

Here: a small abomination (summoned)
The floor.
You escape the ball python's grasp.
The ball python closely misses you. The ball python misses you.
The orc priest hits you with a +0 hand axe.
The ball python bites you. The ball python misses you.
The orc priest closely misses you. The ball python barely misses you.
The ball python closely misses you.
The orc wizard gestures at you while chanting.
The puff of flame hits you. The ball python barely misses you. x2
The orc priest calls down the wrath of Beogh upon you.
Beogh smites you!
The small abomination hits you but does no damage.
The small abomination hits you!!
* * * LOW HITPOINT WARNING * * *
The small abomination hits you.
* * * LOW HITPOINT WARNING * * *
As you read the scroll of teleportation, it crumbles to dust.
You feel strangely unstable. The small abomination hits you!
You die...

##..........## ##.#'####'#
#..###.......###..........
#.##########..#.).)..(....
#...##### ##...##........
####....# ##[)###'####'#
###..## ##...##..#....
#####
##..####.....#..#....
#...##
#....).).##.####....
####.## ###Sx@...######
#....
#..####.x#####.######
.'.... ##.......#
###......####'###
##......x###.....###.# #.
##.....S.###.....>## #.
##........##.x......#
#####
#.###....o##.x......## #..
### ##......o........# #..
#..##...........## ##..


You could see 2 small abominations and a ball python.

Vanquished Creatures
  2 sky beasts (D:4)
  A howler monkey (D:4)
  2 orc wizards
  2 orc priests (D:4)
  Jessica (D:3)
  A howler monkey zombie (D:4)
  3 gnolls (D:2)
  8 adders
  A shadow imp (D:4)
  2 oozes
  An adder skeleton (D:4)
  3 worms
  2 dart slugs
  2 leopard geckos
  An orc (D:4)
  4 bats
  4 giant cockroaches
  4 goblins
  5 hobgoblins
  9 jackals
  9 kobolds
  2 quokkas
  3 ball pythons (D:4)
  6 frilled lizards
  7 rats
85 creatures vanquished.

Vanquished Creatures (collateral kills)
  An orc wizard (D:3)
  An iguana (D:3)
  A worker ant zombie (D:3)
  3 adders
  A worm (D:2)
  7 orcs
  A goblin (D:3)
  A jackal (D:3)
  A kobold (D:3)
  A ball python (D:4)
18 creatures vanquished.

Grand Total: 103 creatures vanquished

Notes
Turn   | Place    | Note
-------+----------+-------------------------------------------
     0 | D:1      | BeastOfSaturn the Vine Stalker Summoner began the quest for
                  | the Orb.
     0 | D:1      | Reached XP level 1. HP: 10/10 MP: 4/4
   291 | D:1      | Reached XP level 2. HP: 6/15 MP: 3/6
   295 | D:1      | Learned a level 2 spell: Call Imp
   627 | D:1      | Reached XP level 3. HP: 15/20 MP: 7/7
   916 | D:2      | Reached skill level 1 in Short Blades
  1029 | D:2      | Reached skill level 5 in Summonings
  1029 | D:2      | Reached XP level 4. HP: 24/24 MP: 1/8
  1051 | D:2      | Learned a level 4 spell: Summon Ice Beast
  1516 | D:3      | Found a snail-covered altar of Cheibriados.
  1647 | D:3      | Reached skill level 1 in Fighting
  1740 | D:3      | Reached XP level 5. HP: 29/29 MP: 4/9
  1892 | D:3      | Found a sacrificial altar of Ru.
  2174 | D:3      | Noticed Jessica
  2190 | D:3      | Killed Jessica
  2443 | D:4      | Gained mutation: You have razor-sharp teeth. [Vine Stalker
                  | growth]
  2443 | D:4      | Reached XP level 6. HP: 31/34 MP: 4/10
  2519 | D:4      | Noticed a sky beast
  2584 | D:4      | Killed a sky beast
  2973 | D:3      | Reached skill level 6 in Summonings
  3037 | D:4      | Reached XP level 7. HP: 31/40 MP: 1/11
  3146 | D:4      | Found Qaustrod's Distillery.
  3172 | D:4      | Bought a potion of might for 56 gold pieces
  3172 | D:4      | Bought a potion of mutation for 112 gold pieces
  3172 | D:4      | Bought a potion of curing for 42 gold pieces
  3428 | D:4      | Found a blossoming altar of Fedhas.
  3882 | D:4      | Noticed a small abomination
  3899 | D:4      | Slain by a small abomination

Skill      XL: |  1  2  3  4  5  6  7 |
---------------+----------------------+-----
Short Blades   | 1 2 3 4 |  4.0
Summonings     | 5 6 |  6.3
Fighting       | 1 2 |  2.8
Dodging        | |  2.0
Stealth        | |  3.0
Spellcasting   | |  2.1
Ice Magic      | |  0.8

Action                   |  1- 3 |  4- 6 |  7- 9 || total
-------------------------+-------+-------+-------++-------
Melee: Short sword       |   113 |   125 |    44 ||   282
       Dagger            |     9 |   158 |       ||   167
       Bite              |    11 |    25 |     9 ||    45
 Cast: Summon Small Mamm |     2 |       |       ||     2
       Call Imp          |     9 |    21 |       ||    30
       Summon Ice Beast  |       |     5 |     2 ||     7
  Use: Scroll            |       |     9 |     2 ||    11
 Stab: Sleeping          |     6 |     3 |     2 ||    11
       Distracted        |     1 |     4 |       ||     5
  Eat: Chunk             |       |     6 |       ||     6
       Ration            |       |     2 |     1 ||     3
Armor: Robe              |    32 |    45 |    10 ||    87
Dodge: Dodged            |    76 |   150 |    31 ||   257
